 Dungeon Crawl Stone Soup version 0.17-a0-1838-g891d947 (webtiles) character file.

4517 kae the Fencer (level 10, -2/63 HPs)
             Began as a High Elf Fighter on Sept 15, 2015.
             Was a Priest of Okawaru.
             Killed from afar by a deep elf mage (8 damage)
             ... with a puff of flame
             ... on level 8 of the Dungeon.
             The game lasted 00:10:49 (10265 turns).

kae the Fencer (High Elf Fighter)                  Turns: 10265, Time: 00:10:49

Health: -2/63      AC: 13    Str: 20    XL:     10   Next: 17%
Magic:  14/14      EV:  7    Int: 15    God:    Okawaru [***...]
Gold:   451        SH:  9    Dex: 19    Spells: 0 memorised, 9 levels left

rFire  . . .     SeeInvis .     J - +1 scimitar
rCold  . . .     Clarity  .     b - +0 scale mail
rNeg   + + .     SustAt   .     c - +0 shield
rPois  .         Gourm    .     F - +2 helmet {Int+3}
rElec  .         Spirit   .     l - +1 cloak
rCorr  .         Warding  +     v - +0 pair of gloves
rMut   .         Stasis   .     (no boots)
MR     +....                    E - amulet of warding
Stlth  ..........               k - ring of positive energy
                                D - +1 ring of slaying

@: mighty, very slightly contaminated, invisible, somewhat resistant to hostile
enchantments, extremely unstealthy
A: no striking features
a: Heroism, Renounce Religion


You were on level 8 of the Dungeon.
You worshipped Okawaru.
Okawaru was most pleased with you.
You were not hungry.

You visited 2 branches of the dungeon, and saw 9 of its levels.

You collected 451 gold pieces.

Inventory:

Hand weapons
 a - a +1 long sword
 w - a +0 scimitar of flaming
 J - a +1 scimitar (weapon)
Armour
 b - a +0 scale mail (worn)
 c - a +0 shield (worn)
 l - a +1 cloak (worn)
 v - a +0 pair of gloves (worn)
 F - a +2 helmet of intelligence (worn)
Jewellery
 k - a ring of positive energy (right hand)
 D - a +1 ring of slaying (left hand)
 E - an amulet of warding (around neck)
Magical devices
 q - a wand of random effects (48)
 z - a wand of lightning (5)
 A - a wand of cold (5)
 H - a wand of magic darts (8)
Scrolls
 f - 5 scrolls of identify
 h - a scroll of recharging
 i - 2 scrolls of fear {unknown}
 j - 3 scrolls of remove curse
 m - 3 scrolls of blinking
 n - 2 scrolls of enchant armour {unknown}
 r - 4 scrolls of amnesia
 s - 2 scrolls of enchant weapon
 t - 3 scrolls of teleportation {unknown}
 u - a scroll of random uselessness {unknown}
 y - 2 scrolls of magic mapping
Potions
 d - a potion of might
 g - a potion of invisibility
 o - a potion of brilliance
 B - a potion of ambrosia {unknown}
 C - a potion of agility {unknown}
 G - a potion of cancellation {unknown}
Comestibles
 e - 7 bread rations
 p - 4 beef jerkies
 x - 4 fruits
 I - 6 chunks of flesh


   Skills:
 - Level 3.0 Fighting
 - Level 16.1 Long Blades
 - Level 2.6 Armour
 - Level 2.6 Shields
 + Level 4.0 Invocations


You had 9 spell levels left.
You didn't know any spells.

Dungeon Overview and Level Annotations

Branches:
Dungeon (8/15)             Temple (1/1) D:5
   Lair: D:8-11

Altars:
Ashenzari
Cheibriados
Dithmenos
Elyvilon
Fedhas
Gozag
Kikubaaqudgha
Nemelex Xobeh
Okawaru
Qazlal
Ru
Trog
Vehumet
Xom
Yredelemnul
Zin
The Shining One

Annotations:
D:8 Pikel


Message History

You fade into invisibility!
The phantom hits you but does no damage.
The deep elf mage barely misses you.
You are very lightly contaminated with residual magic.
You miss the deep elf mage. The phantom closely misses you.
You hit the deep elf mage.
The deep elf mage is lightly wounded.
The deep elf mage hits you but does no damage.
The phantom hits you but does no damage.
You closely miss the deep elf mage.
The deep elf mage is lightly wounded.
You catch the helpless deep elf mage completely off-guard!
You slash the deep elf mage!
The deep elf mage is moderately wounded.
You block the deep elf mage's attack. The phantom closely misses you.
You barely miss the deep elf mage.
The deep elf mage is moderately wounded.
The deep elf mage casts a spell at you. The puff of flame hits you!
You die...

#.........#.#.........#......
............................#
.............................
......................#.#.....#
........#.#...................#
.##.#.............###.........###
....+...........###..........#..#
###.#...#.......###..............
...............W@e...............
..#........#.#...J...............
..#..............................
..#.......##.#........#..........
..#...................'..........
..#....#####.#..#...<.#..#..#....
..#....# #.............#..#....
..)....# #..................>##
..#....# #.#.###.####..#..##.#


You could see a phantom, a deep elf mage and a jelly.

Vanquished Creatures
  Erica (D:8)
  A gargoyle (D:8)
  2 hippogriffs
  Eustachio (D:6)
  2 wargs
  An orc warrior (D:6)
  A water moccasin (D:7)
  2 slaves (D:7)
  3 ice beasts
  5 ogres
  3 centaurs
  3 giant frogs
  3 scorpions (D:4)
  5 wights (D:8)
  A crimson imp (D:6)
  A centaur zombie (D:8)
  A quasit (D:8)
  5 hounds
  A jelly (D:5)
  A gnoll shaman (D:7)
  An iguana (D:4)
  4 orc priests
  A giant frog skeleton (D:4)
  7 worker ants
  2 centaur skeletons
  9 orc wizards
  6 gnolls
  11 adders
  2 shadow imps
  2 oozes
  2 adder zombies
  2 adder skeletons (D:6)
  3 worms
  4 giant geckos
  31 orcs
  6 giant cockroaches
  7 goblins
  6 hobgoblins
  12 jackals
  5 quokkas
  A ball python (D:2)
  6 bats
  6 giant newts
  A jackal zombie (D:7)
  8 kobolds
  A quokka skeleton (D:8)
  6 rats
  A fungus (D:4)
196 creatures vanquished.

Vanquished Creatures (others)
  2 fungi (D:4)
2 creatures vanquished.

Grand Total: 198 creatures vanquished

Notes
Turn   | Place    | Note
--------------------------------------------------------------
     0 | D:1      | kae the High Elf Fighter began the quest for the Orb.
     0 | D:1      | Reached XP level 1. HP: 16/16 MP: 2/2
   137 | D:1      | Reached XP level 2. HP: 19/21 MP: 3/3
   285 | D:1      | Found a snail-covered altar of Cheibriados.
   448 | D:1      | Reached skill level 4 in Long Blades
   769 | D:1      | Reached XP level 3. HP: 26/26 MP: 4/4
  1537 | D:2      | Reached skill level 5 in Long Blades
  1763 | D:3      | Reached XP level 4. HP: 29/31 MP: 5/5
  2253 | D:3      | Reached skill level 6 in Long Blades
  2382 | D:3      | Reached XP level 5. HP: 5/36 MP: 6/6
  2892 | D:3      | Reached skill level 7 in Long Blades
  3638 | D:4      | Reached XP level 6. HP: 40/42 MP: 7/7
  3651 | D:4      | Noticed an ogre
  3660 | D:4      | Killed an ogre
  3660 | D:4      | Reached skill level 8 in Long Blades
  3971 | D:4      | Reached skill level 9 in Long Blades
  3988 | D:4      | Reached XP level 7. HP: 32/46 MP: 8/8
  4438 | D:4      | Reached skill level 10 in Long Blades
  4719 | D:4      | Noticed an ogre
  4727 | D:4      | Killed an ogre
  5089 | D:5      | Entered Level 5 of the Dungeon
  5125 | D:5      | Reached skill level 11 in Long Blades
  5125 | D:5      | Reached XP level 8. HP: 26/52 MP: 9/9
  5553 | D:5      | Reached skill level 12 in Long Blades
  6016 | D:5      | Found a staircase to the Ecumenical Temple.
  6358 | Temple   | Entered the Ecumenical Temple
  6449 | Temple   | Became a worshipper of Warmaster Okawaru
  7039 | D:6      | Noticed Eustachio
  7065 | D:6      | Killed Eustachio
  7065 | D:6      | Reached skill level 13 in Long Blades
  7162 | D:6      | Acquired Okawaru's first power
  7426 | D:6      | Found a shattered altar of Ashenzari.
  7685 | D:6      | Reached XP level 9. HP: 44/56 MP: 10/10
  8016 | D:7      | Reached skill level 14 in Long Blades
  8411 | D:7      | Found an opulent altar of Gozag.
  9034 | D:8      | Noticed Pikel
  9133 | D:7      | Reached skill level 15 in Long Blades
  9433 | D:8      | Found an ancient bone altar of Kikubaaqudgha.
  9435 | D:8      | Found a sparkling altar of Nemelex Xobeh.
  9443 | D:8      | Found a sacrificial altar of Ru.
 10165 | D:8      | Noticed a gargoyle
 10169 | D:8      | Killed a gargoyle
 10169 | D:8      | Reached skill level 16 in Long Blades
 10204 | D:8      | Noticed Erica
 10225 | D:8      | Killed Erica
 10225 | D:8      | Reached XP level 10. HP: 10/63 MP: 10/14
 10265 | D:8      | Killed from afar by a deep elf mage

Vault maps used:
D:1:      dpeg_arrival_simpleton_b, cheibriados_altar_1
D:2:      minivault_26, minmay_stone_trees_large, eino_tiny_chamber,
          minmay_fountain_box
D:3:      st_stairs_6, hex_tiny
D:4:      first_bread, minmay_gold_behind_fungi
D:5:      minmay_temple_entry_nine_rooms
D:6:      cheibrodos_ashenzari_chains, uniq_eustachio
D:7:      lemuel_ice_spiral_2, nicolae_gozag_seed_capital
D:8:      old_standard_altar, grunt_temple_overflow_open,
          erik_lair_orcish_takeover, uniq_erica, uniq_pikel
Temple:   circular_temple_12

Action                   |  1- 3 |  4- 6 |  7- 9 | 10-12 || total
-------------------------+-------+-------+-------+-------++-------
Melee: Long sword        |   140 |   192 |   538 |       ||   870
       Scimitar          |       |       |    26 |     5 ||    31
  Use: Potion            |       |     5 |     3 |     1 ||     9
       Scroll            |       |     7 |     2 |       ||     9
 Stab: Invisible         |       |     1 |       |     1 ||     2
  Eat: Chunk             |     2 |     1 |    17 |     1 ||    21
       Bread ration      |       |     1 |       |       ||     1
       Meat ration       |       |     1 |       |       ||     1
